 Dungeon Sprint DCSS version 0.22-a0-388-g09e6169 (webtiles) character file.

232 Kidiri the Thaumaturge (level 5, -16/28 HPs)
             Began as a Deep Elf Fire Elementalist on Apr 29, 2018.
             Was an Initiate of Vehumet.
             Killed from afar by a crocodile (32 damage)
             ... with an exploding inner flame
             ... hexed by the player character
             ... in the Dungeon (Sprint IX: "|||||||||||||||||||||||||||||").
             The game lasted 00:02:39 (327 turns).

Kidiri the Thaumaturge (Deep Elf Fire Elementalist)  Turns: 327, Time: 00:02:39

Health: -16/28     AC:  9    Str: 11    XL:     5   Next: 73%
Magic:  0/20       EV:  9    Int: 21    God:    Vehumet [......]
Gold:   0          SH:  0    Dex: 15    Spells: 8/26 levels left

rFire    . . .     SeeInvis .   k - +2 rapier (venom)
rCold    . . .     Gourm    .   (no shield)
rNeg     . . .     Faith    .   n - +1 scale mail
rPois    .         Spirit   .   (no helmet)
rElec    .         Reflect  .   l - +0 cloak
rCorr    .         Harm     .   (no gloves)
MR       .....     NoTele   +   m - +0 pair of boots
Stlth    +.........             (no amulet)
HPRegen  0.09/turn              o - +3 ring of strength
MPRegen  0.17/turn              p - +3 ring of strength

@: very slightly contaminated
A: no striking features
a: Renounce Religion


You were in the Dungeon.
You worshipped Vehumet.
Vehumet was noncommittal.
You were not hungry.

You visited 1 branch

Inventory:

Hand Weapons
 k - a +2 rapier of venom (weapon)
Armour
 a - a +0 robe
 l - a +0 cloak (worn)
 m - a +0 pair of boots (worn)
 n - a +1 scale mail (worn)
Jewellery
 o - a +3 ring of strength (left hand)
 p - a +3 ring of strength (right hand)
Wands
 j - a wand of acid (10)
Scrolls
 f - 3 scrolls of remove curse
 h - 2 scrolls of amnesia
 i - 2 scrolls of blinking
Potions
 b - a potion of invisibility
 d - 4 potions of curing
 e - 3 potions of heal wounds
 g - 4 potions of magic
Comestibles
 c - a ration


   Skills:
 + Level 0.5 Fighting
 + Level 0.8 Short Blades
 + Level 0.5 Armour
 + Level 2.8 Dodging
 - Level 2.4 Stealth
 * Level 11.0 Spellcasting
 + Level 6.3 Conjurations
 + Level 7.2 Fire Magic


You had 8 spell levels left.
You knew the following spells:

 Your Spells              Type           Power        Failure   Level  Hunger
a - Flame Tongue          Conj/Fire      #####        2%          1    None
b - Throw Flame           Conj/Fire      #####.       3%          2    None
c - Conjure Flame         Conj/Fire      #####...     7%          3    None
d - Inner Flame           Hex/Fire       ####....     24%         3    None
e - Sticky Flame          Conj/Fire      #####...     22%         4    #......
f - Fireball              Conj/Fire      #####.....   52%         5    ####...


Dungeon Overview and Level Annotations

Branches:
Dungeon (1/1)

Altars:
Cheibriados
Dithmenos
Elyvilon
Fedhas
Gozag
Hepliaklqana
Kikubaaqudgha
Makhleb
Nemelex Xobeh
Okawaru
Qazlal
Ru
Sif Muna
Trog
Uskayaw
Vehumet
Wu Jian
Xom
Yredelemnul
Zin
The Shining One
Beogh
Jiyva
Lugonu


Message History

Okay, then.
You hit the crocodile.
The crocodile is poisoned.
The crocodile is lightly wounded.
The crocodile is engulfed in blazing flames.
The crocodile bites you but does no damage.
Unknown command.
Casting: Flame Tongue (safe; 2% risk of failure)
Confirm with . or Enter, or press ? or * to list all spells.
Aiming: Sticky Flame (slightly dangerous; 22% risk of failure)
Press: ? - help, Shift-Dir - straight line, f/p - crocodile
Aim: a crocodile (flame, heavily wounded, poisoned, inner flame)
The sticky flame hits the crocodile.
The crocodile is severely wounded.
The crocodile is covered in liquid flames!
The crocodile burns!
The crocodile is engulfed in blazing flames.
The crocodile explodes!
The fiery explosion engulfs you!
Ouch! That really hurt!
You die...

▓'▓
▓.▓
▓.▓
▓|▓
▓)▓
▓.▓
▓.▓
▓.▓
▓@▓
▓§▓
▓H▓
▓o▓
▓h▓
▓.▓
▓.▓
▓.▓
▓.▓


You could see a hippogriff, an orc and a jackal.

Vanquished Creatures
  An ogre (D)
  A scorpion (D)
  3 hounds (D)
  A shadow imp (D)
  A dart slug (D)
  A hobgoblin (D)
  A bat (D)
  2 frilled lizards (D)
  A giant cockroach zombie (D)
12 creatures vanquished.

Notes
Turn   | Place    | Note
-------+----------+-------------------------------------------
     0 | D        | Kidiri the Deep Elf Fire Elementalist began the quest for the Orb.
     0 | D        | Reached XP level 1. HP: 10/10 MP: 6/6
     6 | D        | Reached skill level 4 in Spellcasting
    82 | D        | Noticed a hound
    82 | D        | Noticed a scorpion
    82 | D        | Noticed a hound
    82 | D        | Noticed an ogre
    87 | D        | Killed a hound
    87 | D        | Reached skill level 6 in Spellcasting
    87 | D        | Reached XP level 2. HP: 12/15 MP: 4/11
    87 | D        | Reached XP level 3. HP: 16/19 MP: 4/13
    97 | D        | Killed a scorpion
    97 | D        | Reached skill level 8 in Spellcasting
    97 | D        | Reached skill level 5 in Fire Magic
    97 | D        | Reached XP level 4. HP: 21/24 MP: 2/16
   101 | D        | Reached skill level 9 in Spellcasting
   101 | D        | Reached skill level 5 in Conjurations
   108 | D        | Killed an ogre
   108 | D        | Reached skill level 10 in Spellcasting
   108 | D        | Reached XP level 5. HP: 28/28 MP: 0/20
   220 | D        | Learned a level 2 spell: Throw Flame
   224 | D        | Learned a level 3 spell: Conjure Flame
   229 | D        | Learned a level 4 spell: Sticky Flame
   233 | D        | Learned a level 3 spell: Inner Flame
   239 | D        | Learned a level 5 spell: Fireball
   247 | D        | Found a roughly hewn altar of Beogh.
   247 | D        | Found a snail-covered altar of Cheibriados.
   247 | D        | Found a shadowy altar of Dithmenos.
   247 | D        | Found a white marble altar of Elyvilon.
   247 | D        | Found a blossoming altar of Fedhas.
   247 | D        | Found an opulent altar of Gozag.
   248 | D        | Found a hazy altar of Hepliaklqana.
   249 | D        | Found a viscous altar of Jiyva.
   250 | D        | Found an ancient bone altar of Kikubaaqudgha.
   251 | D        | Found a corrupted altar of Lugonu.
   252 | D        | Found a burning altar of Makhleb.
   253 | D        | Found a sparkling altar of Nemelex Xobeh.
   254 | D        | Found an iron altar of Okawaru.
   255 | D        | Found a stormy altar of Qazlal.
   256 | D        | Found a sacrificial altar of Ru.
   257 | D        | Found a deep blue altar of Sif Muna.
   258 | D        | Found a bloodstained altar of Trog.
   259 | D        | Found a hide-covered altar of Uskayaw.
   260 | D        | Found a radiant altar of Vehumet.
   261 | D        | Found an ornate altar of the Wu Jian Council.
   262 | D        | Found a shimmering altar of Xom.
   263 | D        | Found a basalt altar of Yredelemnul.
   264 | D        | Found a glowing silver altar of Zin.
   265 | D        | Found a glowing golden altar of the Shining One.
   268 | D        | Became a worshipper of Vehumet
   317 | D        | Noticed a crocodile
   317 | D        | Noticed a hippogriff
   321 | D        | Reached skill level 11 in Spellcasting
   327 | D        | Killed a crocodile
   327 | D        | Killed from afar by a crocodile

Vault maps used:
D:        linesprint

Skill      XL: |  1  2  3  4  5 |
---------------+----------------+-----
Spellcasting   | 6 8 10 11 | 11.0
Conjurations   | 3 4 6 |  6.3
Fire Magic     | 4 5 7 |  7.2
Fighting       | |  0.5
Short Blades   | |  0.8
Armour         | |  0.5
Dodging        | |  2.8
Stealth        | |  2.4

Action                   |  1- 3 |  4- 6 || total
-------------------------+-------+-------++-------
Melee: Unarmed           |       |     7 ||     7
       Rapier            |       |     2 ||     2
 Cast: Flame Tongue      |    12 |     5 ||    17
       Sticky Flame      |       |     2 ||     2
       Inner Flame       |       |     2 ||     2
       Conjure Flame     |       |     1 ||     1
  Use: Potion            |     2 |     1 ||     3
Armor: Scale mail        |       |     3 ||     3
Dodge: Dodged            |     6 |     4 ||    10

Table legend:
 A = Spawn XP
 B = Non-spawn XP
 C = Spawn XP percentage of total XP
 D = Spawn monster count
 E = Non-spawn monster count
 F = Spawn count percentage of total count
 G = Total turns spent on level
                    A         B        C        D         E        F      G
               +---------+---------+-------+---------+---------+-------+---------
         Total |       0 |     332 |   0.0 |       0 |      12 |   0.0 |   327
               +---------+---------+-------+---------+---------+-------+---------
             D |       0 |     332 |   0.0 |       0 |      12 |   0.0 |   327
               +---------+---------+-------+---------+---------+-------+---------
